 Dungeon Crawl Stone Soup version 0.32-a0-818-gb728d0252e (webtiles) character file.

Game seed: 10503647392605718533

527 wildpjah the Trooper (level 7, -2/54 HPs)
             Began as a Demonspawn Gladiator on Mar 25, 2024.
             Slain by an iguana (3 damage)
             ... on level 4 of the Dungeon.
             The game lasted 00:11:49 (3009 turns).

wildpjah the Trooper (Demonspawn Gladiator)         Turns: 3009, Time: 00:11:50

Health: -2/54      AC: 13    Str: 16    XL:     7   Next: 3%
Magic:  7/7        EV: 10    Int:  8    God:
Gold:   234        SH:  0    Dex: 15    Spells: 6/6 levels left

rFire   . . .        t - +2 whip (elec)
rCold   . . .        (no shield)
rNeg    + . .        m - +0 plate armour
rPois   .            c - +0 helmet
rElec   +            (no cloak)
rCorr   .            (no gloves)
SInv    +            (no boots)
Will    .....        w - amulet of magic regeneration Stlth
                     h - ring of the Hurting Queen {rElec rN+ EV+5 SInv}
HPRegen 0.29/turn    (no ring)
MPRegen 0.50/turn

%: no passive effects
@: no status effects
A: claws 1, rugged brown scales 1, powered by death 1, powered by pain 2
a: no special abilities


You were on level 4 of the Dungeon.
You visited 1 branch of the dungeon, and saw 4 of its levels.

You collected 234 gold pieces.

Inventory:

Hand Weapons
 a - a +0 long sword
 f - a +0 dagger of venom
 t - a +2 whip of electrocution (weapon)
 x - a +0 quarterstaff
Missiles
 d - a throwing net (quivered)
Armour
 b - a +0 leather armour
 c - a +0 helmet (worn)
 j - a +0 scale mail
 m - a +0 plate armour (worn)
Jewellery
 h - the ring of the Hurting Queen (left claw) {rElec rN+ EV+5 SInv}
   (You found it on level 3 of the Dungeon)

   [ring of evasion]

   EV+5:      It affects your evasion (+5).
   rElec:     It insulates you from electricity.
   rN+:       It protects you from negative energy.
   SInv:      It lets you see invisible.
 w - an amulet of magic regeneration (around neck)
Scrolls
 g - 3 scrolls of identify {unknown}
 k - a scroll of brand weapon {unknown}
 l - 2 scrolls of teleportation {unknown}
 o - a scroll of amnesia {unknown}
 q - 2 scrolls of vulnerability {unknown}
 r - a scroll of revelation {unknown}
 u - a scroll of noise {unknown}
Potions
 i - a potion of attraction {unknown}
 n - a potion of ambrosia {unknown}
 p - a potion of brilliance {unknown}
 s - a potion of haste


   Skills:
 * Level 3.9 Fighting
 - Level 0.5(2.0) Short Blades
 - Level 3.1 Long Blades
 + Level 1.8(2.2) Maces & Flails
 * Level 1.8(2.2) Staves
 - Level 2.0 Throwing
 + Level 3.9 Armour
 + Level 3.4 Dodging
 - Level 0.1 Stealth


You had 6 spell levels left.
You didn't know any spells.
Your spell library contained the following spells:

 Spells                   Type           Power      Damage    Failure   Level
 Cigotuvi's Dreadful Rot  Necr/Alch/Air  0%         N/A       100%        2
 Passwall                 Erth           0%         N/A       100%        3
 Volatile Blastmotes      Fire/Tloc      0%         2d10      100%        3
 Dispel Undead            Necr           0%         3d6       100%        4
 Martyr's Knell           Necr/Summ      0%         N/A       100%        4
 Summon Forest            Summ/Tloc      0%         N/A       100%        5
 Bombard                  Conj/Erth      0%         9d1       100%        6
 Eringya's Noxious Bog    Alch           0%         4d6       100%        6
 Summon Hydra             Summ           0%         N/A       100%        7


Dungeon Overview and Level Annotations

Branches:
Dungeon (4/15)
 Temple: D:4-7

Altars:
Fedhas
Nemelex Xobeh

Shops:
D:3 (!   D:4 [


Innate Abilities, Weirdness & Mutations

You have sharp fingernails.
You are partially covered in rugged brown scales. (AC +1, +3% HP)
You regenerate a little health from kills.
You sometimes gain power by taking damage.


Message History

The two-headed ogre is almost dead.
The two-headed ogre struggles against the net.
The net rips apart, and the two-headed ogre comes free!
The iguana barely misses you.
You barely miss the two-headed ogre.
The two-headed ogre is almost dead.
The two-headed ogre hits you with a +0 giant spiked club.
The two-headed ogre hits you with a +0 giant club!
The iguana closely misses you.
You hit the two-headed ogre but do no damage.
The two-headed ogre is almost dead.
The two-headed ogre hits you but does no damage. x2
The iguana closely misses you.
You hit the two-headed ogre but do no damage.
The two-headed ogre is almost dead.
The iguana bites you!
* * * LOW HITPOINT WARNING * * *
You hit the two-headed ogre.
The two-headed ogre is almost dead.
The two-headed ogre barely misses you. x2; The iguana bites you.
* * * LOW HITPOINT WARNING * * *
Throw: 2 throwing nets
Press: ? - help, Q - select action Shift-Dir - straight line, f/p - two-headed ogre
Aim: a two-headed ogre, wielding a +0 giant spiked club and a +0 giant club (almost dead, very poisoned, 73% to hit)
You throw a throwing net.
The throwing net hits the two-headed ogre.
The two-headed ogre is caught in the net!
The two-headed ogre is almost dead.
The two-headed ogre struggles against the net.
The iguana barely misses you.
You hit the two-headed ogre.
The two-headed ogre is almost dead.
The two-headed ogre struggles against the net.
The iguana bites you!
* * * LOW HITPOINT WARNING * * *
You hit the two-headed ogre.
Lightning courses through the two-headed ogre!
You kill the two-headed ogre!
The iguana bites you.
You die...

###+#
#######..###.##
###..####..#####
#.(..........#
#))..........#
..
#<..l........#
..
##.####...#..#
..
###.####...####
#..)l.......#
#..@........#
#..###.###'##
######.##..##
#....'....#
#....#....#
###########


You could see an iguana.

Vanquished Creatures
  A two-headed ogre (D:4)
  A water moccasin (D:4)
  2 sky beasts (D:4)
  A scorpion (D:4)
  A jelly (D:4)
  A sleepcap (D:3)
  An iguana (D:4)
  A gnoll (D:1)
  2 dart slugs (D:1)
  2 ribbon worms
  3 orcs
  4 ball pythons
  9 endoplasms
  3 giant cockroaches
  10 goblins
  7 hobgoblins
  4 jackals (D:4)
  9 kobolds
  4 quokkas
  6 bats
  4 frilled lizards
  3 rats
79 creatures vanquished.

Notes
Turn   | Place    | Note
-------+----------+-------------------------------------------
     0 | D:1      | wildpjah the Demonspawn Gladiator began the quest for the
                  | Orb.
     0 | D:1      | Reached XP level 1. HP: 16/16 MP: 1/1
    96 | D:1      | Gained mutation: You sometimes gain a little power by
                  | taking damage. [demonic ancestry]
    96 | D:1      | Reached XP level 2. HP: 22/22 MP: 2/2
   448 | D:1      | Gained mutation: You have sharp fingernails. [demonic
                  | ancestry]
   448 | D:1      | Reached XP level 3. HP: 25/27 MP: 3/3
  1392 | D:2      | Found a faded altar of an unknown god.
  1559 | D:2      | Found a blossoming altar of Fedhas.
  1563 | D:2      | Reached skill level 1 in Armour
  1739 | D:3      | Identified the ring of the Hurting Queen {rElec rN+ EV+5
                  | SInv}
  1768 | D:3      | Found Heokk's Distillery.
  1780 | D:3      | Gained mutation: You regenerate a little health from kills.
                  | [demonic ancestry]
  1780 | D:3      | Reached XP level 4. HP: 31/34 MP: 4/4
  1854 | D:3      | Found a sparkling altar of Nemelex Xobeh.
  2060 | D:3      | Found Hodop's Antique Weapon Shop.
  2192 | D:4      | Noticed a sky beast
  2210 | D:4      | Killed a sky beast
  2211 | D:4      | Reached skill level 1 in Maces & Flails
  2211 | D:4      | Reached XP level 5. HP: 36/41 MP: 5/5
  2229 | D:4      | Noticed a sky beast
  2239 | D:4      | Noticed a water moccasin
  2259 | D:4      | Killed a water moccasin
  2260 | D:4      | Reached skill level 1 in Staves
  2260 | D:4      | Gained mutation: You sometimes gain power by taking damage.
                  | [demonic ancestry]
  2260 | D:4      | Reached XP level 6. HP: 8/47 MP: 6/6
  2282 | D:4      | Killed a sky beast
  2303 | D:4      | Noticed a two-headed ogre
  2501 | D:4      | Found Ojucuasi's Armour Emporium.
  2652 | D:4      | Gained mutation: You are partially covered in rugged brown
                  | scales. (AC +1, +3% HP) [demonic ancestry]
  2652 | D:4      | Reached XP level 7. HP: 39/54 MP: 7/7
  3008 | D:4      | HP: 1/54 [iguana (7)]
  3009 | D:4      | Killed a two-headed ogre
  3009 | D:4      | Slain by an iguana

Illustrated notes

Levels and vault maps discovered:
D:1:      spicycebolla_green_bress_n_ham, layout_basic
D:2:      layout_basic, ebering_ecumenical_altar_box, basic_altar
D:3:      layout_basic, mainiacjoe_overflow_small_starburst, serial_shops,
          nicolae_lakefront_shop, nicolae_shop_tiny_statue_garden
D:4:      layout_gridville, nicolae_stop_n_shop_2, minmay_manual_monstrance

Skill      XL: |  1  2  3  4  5 |
---------------+----------------+-----
Dodging        | 3 |  3.4
Throwing       | 2 |  2.0
Long Blades    | 3 |  3.1
Armour         | 1 2 3 |  3.9
Fighting       | 3 |  3.9
Maces & Flails | 1 |  1.8
Staves         | 1 |  1.8
Short Blades   | |  0.5
Stealth        | |  0.1

Action                     |  1- 3 |  4- 6 |  7- 9 || total
---------------------------+-------+-------+-------++-------
  Melee: Long sword        |    10 |       |       ||    10
         Dagger            |   101 |    59 |     4 ||   164
         Whip              |    25 |    23 |    12 ||    60
         Quarterstaff      |       |    65 |     8 ||    73
  Throw: Throwing net      |       |       |     3 ||     3
         Javelin           |       |       |     1 ||     1
    Use: Potion            |       |     4 |       ||     4
 Armour: Leather armour    |    37 |       |       ||    37
         Plate armour      |    57 |   109 |    23 ||   189
  Dodge: Dodged            |    52 |    68 |    13 ||   133
   Form: Beast             |     1 |       |       ||     1
                           |     1 |       |       ||     1

Table legend: (Time is in decaauts)
 A = Elapsed time spent in this place.
 B = Non-inter-level travel time spent in this place.
 C = Inter-level travel time spent in this place.
 D = Time resting spent in this place.
 E = Time spent auto-exploring this place.
 F = Levels seen in this place.
 G = Mean time per level.
                   A        B        C        D        E       F      G
               +--------+--------+--------+--------+--------+-----+--------+
         Total |   2994 |   2783 |    211 |    246 |   1823 |   4 |  748.5 |
       Dungeon |   2994 |   2783 |    211 |    246 |   1823 |   4 |  748.5 |
               +--------+--------+--------+--------+--------+-----+--------+

Top non-repeatable levels by time:
     D:1: 1141 daAuts
     D:3: 926 daAuts
     D:2: 480 daAuts
     D:4: 446 daAuts
